 Dungeon Crawl Stone Soup version 0.17.0-24-gcfadda4 (console) character file.

2993 Kloppie the Grappler (level 9, -16/62 (67) HPs)
             Began as a Ghoul Skald on Nov 17, 2015.
             Was an Initiate of Cheibriados.
             Demolished by an ogre
             ... wielding a +0 giant spiked club
              (25 damage)
             ... on level 7 of the Dungeon.
             The game lasted 00:20:26 (8898 turns).

Kloppie the Grappler (Ghoul Skald)                  Turns: 8898, Time: 00:20:26

HP:   -16/62 (67)   AC:  6    Str: 17    XL:     9   Next: 83%
MP:   0/10          EV: 13    Int: 10    God:    Cheibriados [......]
Gold: 328           SH:  0    Dex: 12    Spells: 3 memorised, 5 levels left

rFire  . . .     SeeInvis .       - Unarmed
rCold  + + .     Clarity  +     y - +1 leather armour
rNeg   + + +     SustAt   .     (no shield)
rPois  ∞         Gourm    .     d - +2 hat
rElec  .         Spirit   .     (no cloak)
rCorr  .         Warding  .     (no gloves)
rMut   .         Stasis   .     (no boots)
MR     .....                    a - amulet of clarity
Stlth  +.........               B - ring of protection from cold
                                h - +2 ring of dexterity

@: very slightly contaminated, rotting, very slow, not resistant to hostile
enchantments, very unstealthy
A: rotting body, claws 1, carnivore 3, cold resistance 1, negative energy
resistance 3, slow regeneration 1, torment resistance, unbreathing
a: Bend Time, Renounce Religion


You were on level 7 of the Dungeon.
You worshipped Cheibriados.
Cheibriados was noncommittal.
You were near starving.

You visited 2 branches of the dungeon, and saw 8 of its levels.

You collected 328 gold pieces.

Inventory:

Missiles
 q - 49 poisoned needles
Armour
 d - a +2 hat (worn)
 y - a +1 leather armour (worn)
Jewellery
 a - an amulet of clarity (around neck)
 e - an uncursed ring of ice
 h - a +2 ring of dexterity (left claw)
 B - a ring of protection from cold (right claw)
Wands
 j - a wand of random effects (15)
 u - a wand of lightning (8)
 z - a wand of confusion (31)
Scrolls
 i - 5 scrolls of identify
 k - a scroll of remove curse
 n - a scroll of teleportation
Potions
 f - a potion of resistance
 g - 4 potions of heal wounds
 l - a potion of flight
 m - 2 potions of curing
 o - a potion of agility
 p - a potion of poison {unknown}
 r - a potion of degeneration
 s - a potion of brilliance
 w - a potion of invisibility
 C - 2 potions of magic {unknown}
Books
 b - a book of Battle

   Spells                             Type                      Level
   a - Infusion                       Charms                       1
   b - Shroud of Golubria             Charms/Translocation         2
   c - Song of Slaying                Charms                       2
   d - Spectral Weapon                Hexes/Charms                 3
   e - Regeneration                   Charms/Necromancy            3
 t - a Necronomicon

   Spells                             Type                      Level
   a - Haunt                          Necromancy/Summoning         7
   b - Borgnjor's Revivification      Necromancy                   8
   c - Death's Door                   Charms/Necromancy            8
   d - Necromutation                  Transmutation/Necromancy     8
Comestibles
 c - 7 meat rations


   Skills:
 - Level 2.1 Fighting
 - Level 0.8 Armour
 + Level 5.0 Dodging
 - Level 10.0 Unarmed Combat
 - Level 1.7 Spellcasting
 - Level 6.0 Charms
 - Level 5.0 Translocations


You had 5 spell levels left.
You knew the following spells:

 Your Spells              Type           Power        Failure   Level  Hunger
a - Infusion              Chrm           ##....       4%          1    ##.....
b - Shroud of Golubria    Chrm/Tloc      ##........   10%         2    ###....
c - Regeneration          Chrm/Necr      #.........   38%         3    ####...


Dungeon Overview and Level Annotations

Branches:
Dungeon (7/15)             Temple (1/1) D:7

Altars:
Ashenzari
Cheibriados
Dithmenos
Elyvilon
Fedhas
Gozag
Kikubaaqudgha
Makhleb
Nemelex Xobeh
Okawaru
Qazlal
Ru
Sif Muna
Trog
Xom
Yredelemnul
Zin
The Shining One

Shops:
D:5 [

Annotations:
D:3 zoolka's ghost, amateur DsGl


Innate Abilities, Weirdness & Mutations

Your body is rotting away.
You thrive on raw meat.
You are immune to poison.
You have sharp fingernails.
You are carnivorous and can eat meat at any time.
Your flesh is cold resistant.
You are immune to negative energy.
You regenerate slowly when monsters are visible.
You are immune to unholy pain and torment.
You can survive without breathing.


Message History

Things that are here:
a spear; a gnoll skeleton The ogre barely misses you.
Items here: % )) [ a whip of flaming; a robe; a spear; 4 chunks of flesh You closely miss the ogre.
The ogre hits you with a giant spiked club.
* * * LOW HITPOINT WARNING * * *
You claw the ogre!
The ogre is heavily wounded.
You scratch the ogre. You claw the ogre.
The ogre is severely wounded.
You are no longer magically infusing your attacks.
The ogre completely misses you.
You barely miss the ogre. Your claw misses the ogre.
The ogre is severely wounded.
You scratch the ogre but do no damage.
The ogre is severely wounded.
The ogre hits you with a giant spiked club!!
You die...

#.....######.....#.
###.### #.....#.
#.# #.....#.
##########.#
###.....
........(..# ######
#########(.# . ##
##(# ... #.# ##)##
.....#.##@?.##.#.
........O.........
..................
#.................
.#................
#.#..p#..#.#..#...
.#.######...######
#.# #.#. .# ..!.


You could see an ogre and a neutral freed slave (wandering).

Vanquished Creatures
  Pikel (D:7)
  Sigmund (D:6)
  Eustachio (D:5)
  Menkaure (D:6)
  3 slaves
  An orc warrior (D:7)
  A sky beast (D:4)
  A black bear (D:6)
  3 ogres (D:5)
  6 centaurs
  2 scorpions
  A centaur zombie (D:7)
  A hound (D:5)
  2 crimson imps
  3 orc priests (D:4)
  7 orc wizards
  2 centaur skeletons
  11 worker ants
  7 gnolls
  A shadow imp (D:4)
  10 adders
  2 adder skeletons
  2 oozes
  A worm (D:4)
  6 giant geckos
  23 orcs
  3 ball pythons
  6 bats
  10 hobgoblins
  3 jackals (D:7)
  2 quokkas
  4 giant cockroaches
  A giant gecko zombie (D:5)
  6 giant newts
  8 goblins
  2 kobolds
  2 quokka skeletons
  10 rats
  2 butterflies (D:7)
159 creatures vanquished.

Notes
Turn   | Place    | Note
--------------------------------------------------------------
     0 | D:1      | Kloppie the Ghoul Skald began the quest for the Orb.
     0 | D:1      | Reached XP level 1. HP: 17/17 MP: 2/2
   357 | D:1      | Reached XP level 2. HP: 18/23 MP: 3/3
   378 | D:1      | Reached skill level 3 in Unarmed Combat
   809 | D:1      | Reached XP level 3. HP: 22/29 MP: 4/4
   824 | D:1      | Reached skill level 4 in Unarmed Combat
  1304 | D:2      | Found a blossoming altar of Fedhas.
  1309 | D:2      | Found a stormy altar of Qazlal.
  1948 | D:2      | Reached XP level 4. HP: 33/36 MP: 5/5
  2364 | D:3      | Learned a level 2 spell: Shroud of Golubria
  2368 | D:3      | Learned a level 3 spell: Regeneration
  2415 | D:3      | Reached skill level 5 in Unarmed Combat
  2567 | D:3      | Noticed zoolka's ghost (amateur DsGl)
  2886 | D:3      | Found an iron altar of Okawaru.
  2995 | D:4      | Reached XP level 5. HP: 14/39 MP: 6/6
  3260 | D:4      | Reached skill level 6 in Unarmed Combat
  3393 | D:4      | Reached XP level 6. HP: 29/47 MP: 7/7
  3481 | D:4      | Reached skill level 7 in Unarmed Combat
  3592 | D:4      | Found a white marble altar of Elyvilon.
  4132 | D:4      | Reached skill level 8 in Unarmed Combat
  4132 | D:4      | Reached XP level 7. HP: 25/54 MP: 8/8
  4286 | D:5      | Entered Level 5 of the Dungeon
  4581 | D:4      | Reached skill level 9 in Unarmed Combat
  5095 | D:4      | Reached XP level 8. HP: 25/61 MP: 9/9
  5281 | D:4      | Reached skill level 10 in Unarmed Combat
  5358 | D:5      | Reached skill level 1 in Translocations
  5713 | D:5      | Found Iruelosmil's Armour Emporium.
  5794 | D:5      | Found a shadowy altar of Dithmenos.
  5981 | D:5      | Noticed Eustachio
  6162 | D:5      | Killed Eustachio
  6162 | D:5      | Reached skill level 5 in Charms
  6162 | D:5      | Reached XP level 9. HP: 54/67 MP: 4/10
  6454 | D:6      | Found a shattered altar of Ashenzari.
  6597 | D:6      | Noticed Sigmund
  6618 | D:6      | Killed Sigmund
  6874 | D:6      | Found an iron altar of Okawaru.
  7152 | D:6      | Noticed Menkaure
  7155 | D:6      | Killed Menkaure
  7155 | D:6      | Reached skill level 5 in Translocations
  7188 | D:6      | Reached skill level 1 in Dodging
  7538 | D:7      | HP: 1/67 [orc warrior/mace (15)]
  8042 | D:7      | Found a staircase to the Ecumenical Temple.
  8094 | Temple   | Entered the Ecumenical Temple
  8308 | Temple   | Became a worshipper of Cheibriados the Contemplative
  8869 | D:7      | Noticed Pikel
  8887 | D:7      | Killed Pikel
  8887 | D:7      | Reached skill level 5 in Dodging
  8898 | D:7      | Demolished by an ogre

Action                   |  1- 3 |  4- 6 |  7- 9 || total
-------------------------+-------+-------+-------++-------
Melee: Unarmed           |    99 |   184 |   363 ||   646
 Cast: Infusion          |       |       |    11 ||    11
       Shroud of Golubri |       |       |     3 ||     3
Evoke: Wand              |       |       |     5 ||     5
  Use: Potion            |     1 |       |       ||     1
       Scroll            |       |    11 |     4 ||    15
 Stab: Confused          |       |       |     2 ||     2
  Eat: Chunk             |     5 |    12 |    23 ||    40
